 Dungeon Crawl Stone Soup version 0.29-a0-304-gb34f9e133a (webtiles) character file.

Game seed: 10497865001475077554

6821 Leszczynek the Fighter (level 11, -1/89 HPs)
             Began as a Human Gladiator on Mar 26, 2022.
             Was a Priest of Okawaru.
             Slain by an orc knight
             ... wielding a +0 war axe
              (14 damage)
             ... on level 10 of the Dungeon.
             The game lasted 00:38:19 (4891 turns).

Leszczynek the Fighter (Human Gladiator)            Turns: 4891, Time: 00:38:20

Health: -1/89      AC: 12    Str: 19    XL:     11   Next: 25%
Magic:  13/14      EV: 16    Int:  8    God:    Okawaru [***...]
Gold:   650        SH:  5    Dex: 15    Spells: 10/10 levels left

rFire   . . .      SeeInvis .   a - +5 morningstar
rCold   + . .      Faith    .   (no shield)
rNeg    + . .      Spirit   .   o - +0 ring mail
rPois   .          Reflect  +   l - +2 helmet
rElec   .          Harm     .   (no cloak)
rCorr   .          Rampage  .   j - +0 pair of gloves
Will    .....                   (no boots)
Stlth   ++........              q - amulet of reflection
HPRegen 0.24/turn               k - ring of protection from cold
MPRegen 0.14/turn               s - ring of positive energy

@: heroic, studying Armour
A: no striking features
a: Renounce Religion, Heroism


You were on level 10 of the Dungeon.
You worshipped Okawaru.
Okawaru was most pleased with you.
You visited 2 branches of the dungeon, and saw 12 of its levels.
You also visited: Ossuary.

You collected 650 gold pieces.

Inventory:

Hand Weapons
 a - a +5 morningstar (weapon)
 b - a +0 shortbow
 c - a +0 long sword
 e - a +0 war axe
Missiles
 B - 2 boomerangs (quivered)
 C - 11 poisoned darts
 D - a javelin
 F - 4 silver boomerangs
Armour
 j - a +0 pair of gloves (worn)
 l - a +2 helmet (worn)
 o - a +0 ring mail (worn)
Jewellery
 d - a ring of see invisible
 k - a ring of protection from cold (left hand)
 q - an amulet of reflection (around neck)
 s - a ring of positive energy (right hand)
Wands
 H - a wand of digging (7)
Scrolls
 g - a scroll of summoning {unknown}
 h - 2 scrolls of amnesia
 m - a scroll of enchant armour {unknown}
 r - a scroll of teleportation
 v - 2 scrolls of fog
 y - a scroll of blinking {unknown}
 E - a scroll of vulnerability {unknown}
 G - a scroll of enchant weapon {unknown}
Potions
 f - 2 potions of attraction
 i - a potion of ambrosia
 n - a potion of haste
 p - a potion of flight
 t - 2 potions of curing {@q1}
 w - a potion of brilliance
 x - 2 potions of magic
 z - 2 potions of mutation {!q}
 A - 2 potions of resistance {unknown}
 I - a potion of might {unknown}


   Skills:
 + Level 9.0(14.0) Fighting
 - Level 8.1(14.0) Axes
 * Level 5.9(12.9) Maces & Flails
 + Level 7.0(12.0) Throwing
 + Level 6.4(11.4) Armour
 - Level 5.0(10.0) Dodging
 * Level 5.1 Invocations


You had 10 spell levels left.
You didn't know any spells.
Your spell library contained the following spells:

 Spells                   Type           Power      Damage    Failure   Level
 Apportation              Tloc           0%         N/A       54%         1
 Corpse Rot               Necr/Air       0%         N/A       69%         2
 Poisonous Vapours        Pois/Air       0%         N/A       69%         2
 Sublimation of Blood     Necr           0%         N/A       69%         2
 Wereblood                Tmut           0%         N/A       69%         2
 Conjure Flame            Conj/Fire      0%         6-21      89%         3
 Ignite Poison            Fire/Tmut/Pois 0%         N/A       89%         3
 Sticky Flame             Conj/Fire      0%         2d3       100%        4
 Animate Skeleton         Necr           Unusable   N/A       N/A         1
 Summon Small Mammal      Summ           Unusable   N/A       N/A         1
 Summon Hydra             Summ           Unusable   N/A       N/A         7

Dungeon Overview and Level Annotations

Branches:
Dungeon (11/15)            Temple (1/1) D:6             Orc (0/2) D:9
Ossuary (visited)
   Lair: D:8-11

Altars:
Ashenzari
Cheibriados
Dithmenos
Elyvilon
Fedhas
Gozag
Hepliaklqana
Kikubaaqudgha
Makhleb
Okawaru
Sif Muna
Trog
Uskayaw
Vehumet
Xom
Zin
The Shining One

Annotations:
D:6 Pikel


Message History

An orc knight comes into view. It is wielding a +0 war axe.
The orc knight shouts!
There is an open door here.
Enter note: come on
Okay, then.
Okay, then.
Okay, then.
Okay, then.
You gain the combat prowess of a mighty hero.
You closely miss the orc knight.
You punch the orc knight, but do no damage.
The orc knight hits you with a +0 war axe!!
Unknown command.
You closely miss the orc knight.
The orc knight hits you with a +0 war axe!!
You barely miss the orc knight. You punch the orc knight.
The orc knight is lightly wounded.
The orc knight hits you with a +0 war axe!
* * * LOW HITPOINT WARNING * * *
Enter note: You impale the orc knight!!
The orc knight is moderately wounded.
The orc knight completely misses you.
You hit the orc knight.
The orc knight is heavily wounded.
The orc knight hits you but does no damage.
You puncture the orc knight!
The orc knight is heavily wounded.
The orc knight hits you with a +0 war axe.
* * * LOW HITPOINT WARNING * * *
Unknown command.
You feel better.
The orc knight hits you with a +0 war axe!
* * * LOW HITPOINT WARNING * * *
Unknown command.
You feel better. The orc knight barely misses you.
You completely miss the orc knight.
The orc knight is heavily wounded.
The orc knight hits you with a +0 war axe!
You die...

.....#....# .....#.[..#
..####.########### #####
######'####...##.##.#..#
...#..........#.........
...#..........#.........
...'..........#.........
..##...###....##.o..#
..##...###....##@#### ######
..##[.........##....##.....#
..#........................#
..[........................#
..#........................#
........##'#####.....#....##
##....#.##...# ############
.............#
...##........#


You could see an orc knight.

Vanquished Creatures
  A boulder beetle (D:10)
  A deep elf pyromancer (D:10)
  3 manticores (D:10)
  Joseph (D:9)
  A polar bear (shapeshifter) (D:9)
  Grinder (D:3)
  A centaur simulacrum (D:10)
  A wyvern (D:9)
  A human (shapeshifter) (D:9)
  2 wargs (D:9)
  A water moccasin (D:9)
  3 ice beasts
  A sky beast (D:6)
  An orc warrior (D:9)
  An ogre (D:5)
  5 centaurs
  A lemure (D:7)
  A kobold brigand (D:4)
  A phantom (D:3)
  2 bullfrogs
  A scorpion (D:5)
  3 necrophages
  8 wights
  10 killer bees
  A hound (D:5)
  6 orc priests
  2 jellies
  Terence (D:2)
  A gnoll shaman (D:7)
  2 iguanas (D:5)
  9 orc wizards
  9 mummies
  Robin (D:2)
  4 gnolls
  4 adders
  3 white imps
  2 worms
  A dart slug (D:9)
  34 orcs
  6 endoplasms
  5 giant cockroaches
  10 goblins
  7 hobgoblins
  5 jackals
  12 kobolds
  7 ball pythons
  3 bats (D:1)
  A frilled lizard (D:1)
  2 hobgoblin zombies (Ossuary)
  3 kobold zombies (Ossuary)
  3 orc zombies (Ossuary)
  4 rats
200 creatures vanquished.

Notes
Turn   | Place    | Note
-------+----------+-------------------------------------------
     0 | D:1      | Leszczynek the Human Gladiator began the quest for the Orb.
     0 | D:1      | Reached XP level 1. HP: 16/16 MP: 1/1
   147 | D:1      | Reached XP level 2. HP: 17/22 MP: 2/2
   156 | D:2      | Noticed Terence
   352 | D:1      | Reached XP level 3. HP: 20/28 MP: 3/3
   501 | D:2      | Noticed Robin
   539 | D:1      | HP: 4/28 [hobgoblin[Robin] (4)]
   542 | D:1      | HP: 1/28 [hobgoblin[Robin] (2)]
   543 | D:1      | Reached XP level 4. HP: 2/34 MP: 4/4
   677 | D:2      | Killed Robin
   766 | D:2      | Killed Terence
   767 | D:2      | Reached skill level 3 in Fighting
   849 | D:2      | Reached XP level 5. HP: 19/41 MP: 5/5
  1000 | D:3      | Reached skill level 4 in Axes
  1009 | D:3      | Found a faded altar of an unknown god.
  1116 | D:4      | Noticed a centaur
  1117 | D:4      | Noticed a centaur
  1119 | D:4      | uh huh
  1158 | D:4      | Noticed a phantom
  1174 | D:3      | Killed a phantom
  1175 | D:3      | Reached XP level 6. HP: 40/48 MP: 6/6
  1198 | D:3      | Reached skill level 4 in Fighting
  1198 | D:3      | Reached skill level 3 in Throwing
  1293 | D:3      | Noticed Grinder
  1294 | D:3      | of course
  1296 | D:3      | HP: 8/48 [Grinder (6)]
  1297 | D:3      | Killed Grinder
  1298 | D:3      | Reached skill level 5 in Axes
  1298 | D:3      | Reached skill level 4 in Dodging
  1298 | D:3      | Reached XP level 7. HP: 10/55 MP: 7/7
  1365 | D:5      | Entered Level 5 of the Dungeon
  1499 | D:5      | HP: 10/55 [acid (9)]
  1563 | D:5      | HP: 7/55 [iguana (8)]
  1563 | D:5      | HP: 2/55 [iguana (5)]
  1689 | D:6      | Reached skill level 5 in Fighting
  1690 | D:6      | Reached XP level 8. HP: 32/62 MP: 8/8
  1882 | D:6      | Reached skill level 4 in Throwing
  1937 | D:6      | Found a sand-covered staircase.
  1943 | D:6      | Reached skill level 6 in Axes
  1947 | Ossuary  | Entered an ossuary
  2039 | Ossuary  | HP: 7/64 [mummy (14)]
  2103 | Ossuary  | HP: 6/64 [mummy (10)]
  2299 | D:6      | Noticed Pikel
  2441 | D:7      | Reached skill level 6 in Fighting
  2441 | D:7      | Reached skill level 5 in Dodging
  2530 | D:7      | Reached XP level 9. HP: 63/70 MP: 9/9
  2594 | D:7      | Reached skill level 7 in Axes
  2704 | D:7      | Reached skill level 7 in Fighting
  2704 | D:7      | Reached skill level 5 in Throwing
  2855 | D:6      | Found a staircase to the Ecumenical Temple.
  2880 | Temple   | Entered the Ecumenical Temple
  2904 | Temple   | Became a worshipper of Warmaster Okawaru
  3050 | D:5      | Found a shimmering altar of Xom.
  3292 | D:4      | Identified the +11 dagger of Detiyv {vorpal, Contam rCorr
                  | Str+8 Int-4}
  3293 | D:4      | ha ha
  3332 | D:5      | Reached skill level 1 in Armour
  3398 | D:6      | Reached skill level 8 in Axes
  3500 | D:8      | Reached * piety under Okawaru
  3524 | D:8      | Reached skill level 2 in Armour
  3782 | D:9      | Found a snail-covered altar of Cheibriados.
  3837 | D:9      | Reached skill level 1 in Maces & Flails
  3837 | D:9      | Reached XP level 10. HP: 73/80 MP: 10/10
  3856 | D:9      | Reached skill level 8 in Fighting
  3856 | D:9      | Reached skill level 2 in Maces & Flails
  3856 | D:9      | Reached skill level 3 in Armour
  3910 | D:9      | Reached skill level 6 in Throwing
  3921 | D:9      | Reached skill level 3 in Maces & Flails
  3925 | D:9      | Reached skill level 4 in Armour
  3947 | D:9      | HP: 16/80 [warg (11)]
  3947 | D:9      | HP: 3/80 [warg (13)]
  3948 | D:9      | HP: 1/80 [warg (2)]
  3954 | D:9      | Reached skill level 1 in Invocations
  4076 | D:9      | Found a staircase to the Orcish Mines.
  4178 | D:9      | Noticed Joseph
  4194 | D:9      | Killed Joseph
  4194 | D:9      | Reached ** piety under Okawaru
  4195 | D:9      | Reached skill level 4 in Maces & Flails
  4195 | D:9      | Reached skill level 2 in Invocations
  4290 | D:8      | Found a hide-covered altar of Uskayaw.
  4290 | D:8      | Found a white marble altar of Elyvilon.
  4290 | D:8      | Found a blossoming altar of Fedhas.
  4388 | D:10     | Entered Level 10 of the Dungeon
  4431 | D:10     | Noticed a manticore
  4442 | D:10     | Killed a manticore
  4443 | D:10     | Reached skill level 5 in Armour
  4443 | D:10     | Reached skill level 3 in Invocations
  4443 | D:10     | Noticed a manticore
  4444 | D:10     | Noticed a boulder beetle
  4460 | D:10     | Killed a manticore
  4469 | D:10     | HP: 11/82 [boulder beetle (33)]
  4479 | D:10     | Killed a boulder beetle
  4479 | D:10     | Reached *** piety under Okawaru
  4480 | D:10     | Reached skill level 5 in Maces & Flails
  4480 | D:10     | Reached skill level 4 in Invocations
  4480 | D:10     | Reached XP level 11. HP: 13/87 MP: 12/14
  4571 | D:10     | Noticed a manticore
  4573 | D:10     | wtf
  4581 | D:10     | Reached skill level 6 in Armour
  4685 | D:10     | Noticed a deep elf pyromancer
  4698 | D:10     | Killed a deep elf pyromancer
  4745 | D:10     | Killed a manticore
  4746 | D:10     | Reached skill level 9 in Fighting
  4746 | D:10     | Reached skill level 7 in Throwing
  4746 | D:10     | Reached skill level 5 in Invocations
  4831 | D:10     | Noticed a centaur warrior
  4834 | D:10     | Noticed a purple ugly thing
  4837 | D:10     | Noticed a purple ugly thing
  4854 | D:10     | tough d10
  4881 | D:10     | Noticed an orc knight
  4882 | D:10     | come on
  4885 | D:10     | HP: 11/89 [orc knight/+0 war axe (15)]
  4889 | D:10     | HP: 2/89 [orc knight/+0 war axe (14)]
  4891 | D:10     | Slain by an orc knight

Illustrated notes #..... #########..... ........#.... . ........#...# .. ....(...#...#..# ..............c: ............# ............## .......@..$..# .......##....... ....... ....... .S####. ....... . #. ....... #. #...... #. #(.... ## Turn 1119 on D:4: uh huh #....... ####....... #...<...... #.####..... # #.#####(... #. #.........# #.### #>######### #...#### #.# #@5..# ### ####.# Turn 1294 on D:3: of course

#).#≈.#####............).#
).##≈................###.#######
..#≈≈.####..#.....####.........#
.##≈≈#####........## #.........#
.#≈≈≈≈#............###.........#
.#≈≈≈≈#.###....................#
.#≈≈≈≈#.#........#.###.........#
.##≈≈##.#.#......#.# #.........#
..#≈≈#..#.###.##@#..##.........#
))#≈......##..##.##..#.........#
).#....#####.# #.# #.#.........#
....#..#####.# #.###.#.........#
.............###)##........#####
...........................#
.#........K.......#........#
.#..........#######........#
.#..........# #........#


Turn 3293 on D:4: ha ha ##..####.######## #######'####...# >........#..........#
.........#..........# .........+..........# .......##...###....#
#.....##...###....# ### ###.....##..........##.... ........#@................
........z................. ........#................. ..D...........##'#####....
.H######....#.##†..# #### . .............# ....##........# ....##........#
...............# Turn 4573 on D:10: wtf ########### #.........# #.........#
#.........# ####...##@.#### #...##+##.....# ##......#....## #......#.<..#
#......#....# #......#.[..# ##########..####.######## ....#...########'####...#
....>........#..........# Turn 4854 on D:10: tough d10 .....#....# .....#.[..#
..####.########### ##### ######'####...##.##.#..# ...#..........#.........
...#..........#......... ...'..........#......... ..##...###....##..o.#
..##...###....##@#### ###### ..##[.........##....##.....#
..#........................# ..[........................#
..#........................# ........##'#####.....#....## ##....#.##...#
############ .............# ...##........# Turn 4882 on D:10: come on

Levels and vault maps discovered:
D:1:      eino_arrival_cavern_b, layout_basic
D:2:      layout_basic, dk_noncrumbling_4, uniq_terence, uniq_robin
D:3:      layout_rooms, hellmonk_ecumenical_altar_zigzags, serial_shops, shop,
          uniq_grinder
D:4:      cheibrodos_thug_alley, layout_rooms, kennysheep_mini_moat,
          minmay_manual_mares
D:5:      layout_basic, dk_xom_monty_hall
D:6:      layout_loops_corners, minmay_temple_entry_ruins,
          gup_ossuary_entry_pyramid, chequers_serial_rivers_micro_e,
          corexii_hall_statues_u, minmay_misc_feat_plants,
          kennysheep_cross_room, uniq_prince_ribbit1, uniq_pikel
D:7:      layout_rooms, nzn_wu_jian_contemplation, marbit_many_paths,
          serial_bayou_crossing, uniq_maggie
D:8:      layout_loops_ring, minitemple
D:9:      layout_basic, kennysheep_slug_shrine, erik_orc_4, kb_rosetta,
          uniq_joseph
D:10:     minmay_cut_squares, layout_gridville,
          nicolae_yredelemnul_ghost_church, mainiacjoe_overflow_small_starburst
D:11:     layout_loops_ring, david_lair_generic, hangedman_misty_isle
Temple:   minmay_temple_bridge_abc

Skill      XL: |  1  2  3  4  5  6  7  8  9 10 11 |
---------------+----------------------------------+-----
Fighting       | 3 4 5 6 7 8 9 |  9.0
Axes           | 4 5 6 8 |  8.1
Throwing       | 3 4 5 6 7 |  7.0
Dodging        | 4 5 |  5.0
Armour         | 2 5 6 |  6.4
Maces & Flails | 1 5 |  5.9
Invocations    | 4 5 |  5.1

Action                   |  1- 3 |  4- 6 |  7- 9 | 10-12 || total
-------------------------+-------+-------+-------+-------++-------
Melee: War axe           |    54 |   118 |   265 |       ||   437
       Punch             |     1 |     1 |     6 |     3 ||    11
       Morningstar       |       |       |    25 |   125 ||   150
 Fire: Hunting sling     |       |    41 |    13 |       ||    54
       Shortbow          |       |       |     3 |       ||     3
Throw: Throwing net      |     2 |     4 |       |       ||     6
       Boomerang         |       |       |    21 |    46 ||    67
       Javelin           |       |       |    10 |     1 ||    11
Invok: Heroism           |       |       |       |    15 ||    15
Evoke: Wand              |       |     4 |    18 |     1 ||    23
  Use: Potion            |     2 |       |     4 |     5 ||    11
       Scroll            |       |     4 |     5 |     1 ||    10
Armor: Leather armour    |    22 |     8 |       |       ||    30
       Ring mail         |       |    33 |   102 |    32 ||   167
Dodge: Dodged            |    45 |    64 |   160 |    83 ||   352
Block: Other             |       |       |    47 |    33 ||    80
       Reflection        |       |       |     3 |       ||     3

Table legend: (Time is in decaauts)
 A = Elapsed time spent in this place.
 B = Non-inter-level travel time spent in this place.
 C = Inter-level travel time spent in this place.
 D = Time resting spent in this place.
 E = Time spent auto-exploring this place.
 F = Levels seen in this place.
 G = Mean time per level.
                   A        B        C        D        E       F      G
               +--------+--------+--------+--------+--------+-----+--------+
         Total |   5205 |   5000 |    205 |      0 |      0 |  13 |  400.4 |
       Dungeon |   4914 |   4725 |    189 |      0 |      0 |  11 |  446.7 |
        Temple |     51 |     35 |     16 |      0 |      0 |   1 |   51.0 |
       Ossuary |    238 |    238 |      0 |      0 |      0 |   1 |  238.0 |
               +--------+--------+--------+--------+--------+-----+--------+

Top non-repeatable levels by time:
     D:6: 789 daAuts
     D:1: 667 daAuts
    D:10: 500 daAuts
     D:7: 498 daAuts
     D:9: 489 daAuts
     D:5: 470 daAuts
     D:4: 427 daAuts
     D:8: 390 daAuts
     D:2: 346 daAuts
     D:3: 268 daAuts
 Ossuary: 238 daAuts
    D:11: 66 daAuts
  Temple: 51 daAuts
